 Dungeon Crawl Stone Soup version 0.29-a0-338-g1ff7896281 (webtiles) character file.

Game seed: 9110276859839619871

230 zishaf the Chiller (level 6, -4/44 (47) HPs)
             Began as a Barachi Ice Elementalist on Apr 18, 2022.
             Was an Initiate of Dithmenos.
             Slain by a shadow wraith (25 damage)
             ... created by the anger of Yredelemnul
             ... on level 4 of the Dungeon.
             The game lasted 00:06:21 (4498 turns).

zishaf the Chiller (Barachi Ice Elementalist)       Turns: 4498, Time: 00:06:21

HP:   -4/44 (47)    AC:  4    Str:  9    XL:     6   Next: 3%
MP:   9/9           EV: 12    Int: 23    God:    Dithmenos [......]
Gold: 185           SH:  0    Dex: 13    Spells: 2/9 levels left

rFire   . . .      SeeInvis .   e - +2 whip (elec)
rCold   . . .      Faith    .   (no shield)
rNeg    . . .      Spirit   .   a - +0 robe
rPois   .          Reflect  .   (no helmet)
rElec   .          Harm     .   (no cloak)
rCorr   .          Rampage  .   (no gloves)
Will    .....                   i - +1 pair of boots
Stlth   ++........              (no amulet)
HPRegen 0.14/turn               g - +6 ring of intelligence
MPRegen 0.11/turn               (no ring)

@: slowed, drained, very slow
A: amphibious, slowness 1, strong legs 1, +LOS
a: Hop, Renounce Religion


You were on level 4 of the Dungeon.
You worshipped Dithmenos.
Dithmenos was noncommittal.
You visited 1 branch of the dungeon, and saw 4 of its levels.

You collected 185 gold pieces.

Inventory:

Hand Weapons
 c - a +0 dagger
 e - a +2 whip of electrocution (weapon)
Armour
 a - a +0 robe (worn)
 i - a +1 pair of boots (worn)
 l - a +0 kite shield
Jewellery
 g - a +6 ring of intelligence (left hand)
Wands
 n - a wand of flame (9)
 r - a wand of polymorph (6)
Scrolls
 d - 3 scrolls of fog
 f - 4 scrolls of enchant weapon
 j - 3 scrolls of teleportation
 m - 4 scrolls of identify
Potions
 b - a potion of magic
 p - a potion of curing


   Skills:
 + Level 3.4 Fighting
 - Level 2.1 Dodging
 - Level 1.7 Stealth
 + Level 2.2 Spellcasting
 * Level 7.3 Ice Magic
 - Level 1.1 Invocations


You had 2 spell levels left.
You knew the following spells:

 Your Spells              Type           Power      Damage    Failure   Level
a - Freeze                Ice            100%       1d11      1%          1
b - Frozen Ramparts       Ice            72%        1d9       1%          3
c - Ozocubu's Armour      Ice            36%        N/A       1%          3

Your spell library contained the following spells:

 Spells                   Type           Power      Damage    Failure   Level
 Animate Skeleton         Necr           4%         N/A       13%         1
 Apportation              Tloc           4%         N/A       13%         1
 Foxfire                  Conj/Fire      8%         2x1d4     13%         1
 Magic Dart               Conj           8%         1d3       13%         1
 Summon Small Mammal      Summ           8%         N/A       13%         1
 Call Imp                 Summ           2%         N/A       19%         2
 Static Discharge         Conj/Air       2%         N/A       19%         2
 Hailstorm                Conj/Ice       19%        3d6       28%         4
 Conjure Flame            Conj/Fire      2%         6-21      36%         3
 Ignite Poison            Fire/Tmut/Pois 2%         N/A       36%         3
 Inner Flame              Hex/Fire       2%         N/A       36%         3
 Mephitic Cloud           Conj/Pois/Air  2%         N/A       36%         3
 Flame Wave               Conj/Fire      2%         2d4       77%         4
 Freezing Cloud           Conj/Ice/Air   6%         6-21      78%         5
 Lightning Bolt           Conj/Air       1%         1d12      98%         5
 Maxwell's Capacitive Co  Air            1%         ∞         100%        8


Dungeon Overview and Level Annotations

Branches:
Dungeon (4/15)
 Temple: D:4-7

Altars:
Ashenzari
Dithmenos
Trog
Yredelemnul

Shops:
D:2 =


Innate Abilities, Weirdness & Mutations

You are amphibious.
You cover ground slowly.
You can hop short distances.
You have an extended range of vision and can be seen from far away.


Message History

Aiming: Freeze (safe; 1% risk of failure)
Press: ? - help, Shift-Dir - straight line, f/p - hobgoblin
Aim: a hobgoblin (heavily wounded)
You freeze the hobgoblin!
You kill the hobgoblin!
Dithmenos accepts your kill.
Casting: Freeze (safe; 1% risk of failure)
Confirm with . or Enter, or press ? or * to list all spells.
Aiming: Freeze (safe; 1% risk of failure)
Press: ? - help, Shift-Dir - straight line, f - endoplasm
Aim: an endoplasm You freeze the endoplasm.
The endoplasm is almost dead.
The endoplasm freezes you.
You are frozen.
Casting: Freeze (safe; 1% risk of failure)
Confirm with . or Enter, or press ? or * to list all spells.
Aiming: Freeze (safe; 1% risk of failure)
Press: ? - help, Shift-Dir - straight line, f/p - endoplasm
Aim: an endoplasm (almost dead)
You freeze the endoplasm!
You kill the endoplasm!
Dithmenos accepts your kill.
Found a robe and 5 gold pieces.
You are too injured to fight recklessly!
You now have 185 gold pieces (gained 5).
You open the door.
There is an open door here.
Yredelemnul sends servants to punish you.
There is a strange disturbance nearby!
No target in view!
You swing at nothing.
Something hits you! Something drains your vigour!
You feel yourself slow down.
Deactivating autopickup; reactivate with Ctrl-A.
You hit something but do no damage. Lightning courses through something!
Something barely misses you. Something hits you! Something drains your vigour!
You feel as though you will be slow longer.
Something hits you!!
Ouch! That really hurt!
You die...

######### *,*,#.#...#.#.#
........## *,*>..#...#.#.#
#######..# *,*,#.....#.#.#
#####.####.#,..#.#.#.#.#
#..........#.#.#.#.#.#.#
#####.##)######.#.#.#.#.#.#
....................#.#.#.#######
#####.##.########{###.#,#.#..g...
#...........@.....#,#.#.#####
#####.#######.#####,#.#g# #.##
#.# *,#...# #######..#
#.#****,#####* #........##
#.#*,,,,,,,,,* #.........#
#.#*,,,,***,** #.......#.##
#.#*,,,,* *,*
#.......#..####.#*,,,,* *,*
#.......##.##.#.#*,,,,* *,*


There were no monsters in sight!

Vanquished Creatures
  A hound (D:4)
  A gnoll shaman (D:3)
  3 gnolls (D:3)
  2 adders
  A worm (D:2)
  A dart slug (D:1)
  5 orcs (D:4)
  2 endoplasms
  4 giant cockroaches
  20 goblins
  10 hobgoblins
  4 jackals (D:1)
  8 kobolds
  5 quokkas
  4 ball pythons
  7 bats
  A frilled lizard (D:3)
  5 rats
84 creatures vanquished.

Vanquished Creatures (collateral kills)
  A gnoll (D:3)
  A worm (D:3)
  An orc (D:3)
  2 endoplasms
  2 goblins
  A bat (D:3)
  A frilled lizard (D:2)
9 creatures vanquished.

Vanquished Creatures (others)
  3 bat zombies (D:3)
  A ball python zombie (D:3)
  A goblin zombie (D:3)
  A hobgoblin zombie (D:3)
  An orc zombie (D:3)
7 creatures vanquished.

Grand Total: 100 creatures vanquished

Notes
Turn   | Place    | Note
-------+----------+-------------------------------------------
     0 | D:1      | zishaf the Barachi Ice Elementalist began the quest for the
                  | Orb.
     0 | D:1      | Reached XP level 1. HP: 13/13 MP: 3/3
   146 | D:1      | Reached skill level 5 in Ice Magic
   325 | D:1      | Reached XP level 2. HP: 16/20 MP: 3/5
   329 | D:1      | Reached skill level 1 in Fighting
  1443 | D:1      | Reached XP level 3. HP: 26/26 MP: 3/6
  1941 | D:2      | Found a faded altar of an unknown god.
  1948 | D:2      | Found Rovvy's Jewellery Shop.
  1965 | D:2      | Prayed at the altar of an unknown god.
  1965 | D:2      | Became a worshipper of Yredelemnul the Dark
  1965 | D:2      | Reached * piety under Yredelemnul
  1978 | D:2      | Reached skill level 6 in Ice Magic
  2255 | D:2      | Reached ** piety under Yredelemnul
  2605 | D:3      | Reached XP level 4. HP: 24/33 MP: 7/7
  2804 | D:2      | Learned a level 3 spell: Frozen Ramparts
  2813 | D:3      | Reached skill level 1 in Invocations
  2813 | D:3      | Reached XP level 5. HP: 31/39 MP: 4/8
  2912 | D:3      | Found a bloodstained altar of Trog.
  3481 | D:3      | Found a broken altar of Ashenzari.
  3974 | D:4      | Reached skill level 7 in Ice Magic
  4011 | D:4      | Learned a level 3 spell: Ozocubu's Armour
  4016 | D:4      | Found a shadowy altar of Dithmenos.
  4034 | D:4      | Fell from the grace of Yredelemnul
  4034 | D:4      | Became a worshipper of Dithmenos the Shadowed
  4168 | D:4      | Reached XP level 6. HP: 43/47 MP: 5/9
  4498 | D:4      | Slain by a shadow wraith

Illustrated notes

Levels and vault maps discovered:
D:1:      wander_arrival_abandoned_jail, layout_basic
D:2:      layout_basic, serial_shops, nicolae_shop_statue_plus,
          chequers_ecumenical_altar_island
D:3:      cheibrodos_greedy_goblins, layout_basic, overflow_temple_1_default,
          kennysheep_flooded_box, grunt_decor_junction, st_stairs_5,
          minmay_box_of_dots
D:4:      layout_basic, nicolae_hepliaklqana_hazy_memory, lemuel_doored_altar,
          uniq_eustachio, uniq_menkaure

Skill      XL: |  1  2  3  4  5 |
---------------+----------------+-----
Ice Magic      | 5 6 7 |  7.3
Fighting       | 1 2 3 |  3.4
Invocations    | 1 |  1.1
Dodging        | |  2.1
Stealth        | |  1.7
Spellcasting   | |  2.2

Action                   |  1- 3 |  4- 6 || total
-------------------------+-------+-------++-------
Melee: Dagger            |     1 |       ||     1
       Whip              |    83 |    79 ||   162
       Punch             |     1 |       ||     1
 Cast: Freeze            |    21 |     6 ||    27
       Frozen Ramparts   |       |     4 ||     4
  Use: Scroll            |       |     8 ||     8
 Stab: Sleeping          |     3 |     4 ||     7
Armor: Robe              |    25 |    22 ||    47
Dodge: Dodged            |    75 |    60 ||   135

Table legend: (Time is in decaauts)
 A = Elapsed time spent in this place.
 B = Non-inter-level travel time spent in this place.
 C = Inter-level travel time spent in this place.
 D = Time resting spent in this place.
 E = Time spent auto-exploring this place.
 F = Levels seen in this place.
 G = Mean time per level.
                   A        B        C        D        E       F      G
               +--------+--------+--------+--------+--------+-----+--------+
         Total |   5019 |   4882 |    137 |    176 |   3986 |   4 | 1254.8 |
       Dungeon |   5019 |   4882 |    137 |    176 |   3986 |   4 | 1254.8 |
               +--------+--------+--------+--------+--------+-----+--------+

Top non-repeatable levels by time:
     D:1: 1785 daAuts
     D:2: 1299 daAuts
     D:3: 1295 daAuts
     D:4: 638 daAuts
